AoeStats
← Lil Fabrice

Arena

510302848Analyzed
1v1 RM · 2d ago on Sep 30, 2026· 39m 18s· 2 players
Game mode
Random Map
Map size
Tiny (2 player)
Population
200
Speed
Normal
Resources
Standard
Victory
Conquest
Starting age
Dark Age
Ending age
Imperial Age
RankedLock teamsTeams togetherTeam positionsShared explorationLock speedFull tech treeHidden civsTurbo modeCheats
Victory
Defeat
🇹🇼 Varangians · Taiwan
1583
+14
🇫🇷 Burgundians · France
1534
-14
Lil Fabrice
3:21 Double-Bit Axe
6:42 Horse Collar
10:54 Feudal Age
15:19 Castle Age
13:43 Heavy Plow
14:20 Bow Saw
15:27 Light Cavalry
19:33 Wheelbarrow
20:55 Hand Cart
23:57 Husbandry
24:03 Scale Barding Armor
24:00 Padded Archer Armor
24:13 Forging
27:08 Imperial Age
24:24 Loom
24:25 Town Watch
25:36 Chain Barding Armor
25:50 Leather Archer Armor
26:39 Fletching
26:56 Gold Mining
30:48 Chemistry
29:54 Bodkin Arrow
30:38 Ballistics
29:40 Hussar
30:23 Scale Mail Armor
30:58 Plate Barding Armor
30:28 Stone Mining
34:43 Treadmill Crane
38:50 Masonry
HanShiba
10:22 Feudal Age
14:25 Castle Age
12:54 Double-Bit Axe
13:00 Horse Collar
14:57 Wheelbarrow
15:39 Bow Saw
20:14 Hand Cart
21:51 Heavy Plow
27:19 Imperial Age
24:56 Scale Mail Armor
25:07 Gold Mining
25:25 Loom
26:30 Chain Mail Armor
27:13 Squires
28:50 Plate Mail Armor
28:45 Forging
28:37 Arson
30:14 Fletching
31:01 Iron Casting
30:25 Elite Varangian Guard
30:47 Capped Ram
34:13 Blast Furnace
33:50 Onager
34:31 Elite Skirmisher
35:34 Bodkin Arrow
37:13 Bracer
38:59 Chemistry
38:05 Siege Engineers
39:26 Padded Archer Armor
Connection lost

Rejoining the realm…

Still unreachable

The connection could not be restored.

Session expired

The server has moved on; the page needs a fresh start.